 Dungeon Crawl Stone Soup version 0.25.1-2-g60ff931df9 (webtiles) character file.

Game seed: 3119667168019040045

8606 DungeonDestroyer the Blocker (level 11, -9/80 HPs)
             Began as a Gnoll Fighter on Sept 24, 2020.
             Was a Plaything of Xom.
             Mangled by a cyan ugly thing (12 damage)
             ... on level 11 of the Dungeon.
             The game lasted 00:28:23 (11106 turns).

DungeonDestroyer the Blocker (Gnoll Fighter)       Turns: 11106, Time: 00:28:24

Health: -9/80      AC: 14    Str: 21    XL:     11   Next: 33%
Magic:  12/20      EV: 14    Int: 13    God:    Xom [.*....]
Gold:   2212       SH: 18    Dex: 16    Spells: 12/22 levels left

rFire    . . .     SeeInvis +   n - +3 hand axe (vorpal)
rCold    . . .     Gourm    .   c - +1 kite shield
rNeg     . . .     Faith    .   M - +1 chain mail {MR+}
rPois    .         Spirit   .   g - +1 helmet {Int+3}
rElec    .         Reflect  +   A - +0 cloak
rCorr    .         Harm     .   K - +0 pair of gloves
MR       ++...                  y - +0 pair of boots
Stlth    ..........             u - amulet of reflection
HPRegen  0.23/turn              p - +4 ring of evasion
MPRegen  0.17/turn              B - ring of see invisible (curse)

@: no status effects
A: distributed training, fangs 1, deformed body, frail 1, magic resistance 1,
MP-powered wands, strong nose
a: Renounce Religion


You were on level 11 of the Dungeon.
You worshipped Xom.
You were a plaything of Xom.
You were not hungry.

You visited 2 branches of the dungeon, and saw 12 of its levels.
You also visited: Ossuary.

You collected 2212 gold pieces.

Inventory:

Hand Weapons
 a - a +0 flail
 n - a +3 vorpal hand axe (weapon)
Missiles
 b - 5 boomerangs
 e - 289 stones (quivered)
 k - 165 arrows
 o - 89 sling bullets
 t - 39 poisoned darts
 D - 2 curare-tipped darts
 L - 6 javelins
 N - 2 throwing nets
 R - 4 atropa-tipped darts
Armour
 c - a +1 kite shield (worn)
 g - a +1 helmet of intelligence (worn)
 y - a +0 pair of boots (worn)
 A - a +0 cloak (worn)
 K - a +0 pair of gloves (worn)
 M - a +1 chain mail of magic resistance (worn)
Jewellery
 l - an uncursed amulet of regeneration
 m - an uncursed amulet of guardian spirit
 p - a +4 ring of evasion (left hand)
 s - an uncursed ring of wizardry
 u - an amulet of reflection (around neck)
 w - an uncursed ring of poison resistance
 B - a cursed ring of see invisible (right hand)
 G - an uncursed ring of magical power
 S - an uncursed ring of ice
Wands
 h - a wand of acid (4)
 z - a wand of digging (6)
Scrolls
 i - 2 scrolls of remove curse
 q - 4 scrolls of identify
 v - 8 scrolls of teleportation
 x - 4 scrolls of amnesia
 C - a scroll of enchant armour
 E - 3 scrolls of blinking
 I - a scroll of fear
 O - a scroll of enchant weapon
 Q - a scroll of immolation
Potions
 d - 2 potions of might
 j - 3 potions of magic
 r - 4 potions of curing
 F - 3 potions of flight
 H - a potion of haste
 J - a potion of lignification
 P - 3 potions of brilliance
 U - a potion of heal wounds {unknown}
Comestibles
 f - 19 rations
 T - 8 chunks of flesh


   Skills:
 + Level 9.0 Fighting
 + Level 6.1 Short Blades
 + Level 6.1 Long Blades
 + Level 7.7 Axes
 + Level 6.1 Maces & Flails
 + Level 6.1 Polearms
 + Level 6.1 Staves
 + Level 6.1 Slings
 + Level 6.1 Bows
 + Level 6.1 Crossbows
 + Level 6.1 Throwing
 + Level 9.0 Armour
 + Level 6.1 Dodging
 + Level 6.1 Stealth
 + Level 9.0 Shields
 + Level 6.1 Unarmed Combat
 + Level 6.1 Spellcasting
 + Level 5.0 Conjurations
 + Level 5.0 Hexes
 + Level 5.0 Charms
 + Level 5.0 Summonings
 + Level 5.0 Necromancy
 + Level 5.0 Translocations
 + Level 5.0 Transmutations
 + Level 5.0 Fire Magic
 + Level 5.0 Ice Magic
 + Level 5.0 Air Magic
 + Level 5.0 Earth Magic
 + Level 5.0 Poison Magic
 + Level 6.7 Invocations
 + Level 6.1 Evocations


You had 12 spell levels left.
You knew the following spells:

 Your Spells              Type           Power        Failure   Level  Hunger
a - Ensorcelled Hibernat  Hex/Ice        ###...       43%         2    ##.....
b - Tukima's Dance        Hex            ###.....     67%         3    ###....
c - Silence               Hex/Air        ###.......   100%        5    ######.

Your spell library contained the following spells:

 Spells                   Type           Power        Failure   Level  Hunger
 Corona                   Hex            ###....      30%         1    None
 Magic Dart               Conj           ###.         30%         1    None
 Blink                    Tloc           N/A          43%         2    ##.....
 Call Imp                 Summ           ###.....     43%         2    ##.....
 Slow                     Hex            ###.....     43%         2    ##.....
 Confusing Touch          Hex            ###.....     67%         3    ###....
 Conjure Flame            Conj/Fire      ###.....     67%         3    ###....
 Dazzling Flash           Conj/Hex       ###...       67%         3    ###....
 Gell's Gravitas          Tloc           ###.......   67%         3    ###....
 Mephitic Cloud           Conj/Pois/Air  ###.....     67%         3    ###....
 Cause Fear               Hex            ###.......   97%         4    ####...
 Petrify                  Tmut/Erth      ###.....     97%         4    ####...
 Metabolic Englaciation   Hex/Ice        ###.......   100%        5    ######.
 Yara's Violent Unravell  Hex/Tmut       ###.......   100%        5    ######.
 Discord                  Hex            ###.......   100%        8    #######


Dungeon Overview and Level Annotations

Branches:
Dungeon (10/15)            Temple (1/1) D:5            Lair (0/6) D:9
    Orc (0/2) D:11        Ossuary (visited)

Altars:
Ashenzari
Cheibriados
Dithmenos
Elyvilon
Fedhas
Gozag
Hepliaklqana
Kikubaaqudgha
Makhleb
Nemelex Xobeh
Okawaru
Qazlal
Ru
Sif Muna
Trog
Uskayaw
Vehumet
Wu Jian
Xom
Yredelemnul
Zin
The Shining One

Portals:
Trove: D:10 (give 4 potions of resistance)

Annotations:
D:2 2 transporters


Innate Abilities, Weirdness & Mutations

Your experience applies equally to all skills.
You have very sharp teeth.
Your uncanny sense of smell can sniff out nearby items.
Armour fits poorly on your strangely shaped body.
You are frail. (-10% HP)
You are resistant to hostile enchantments. (MR+)
You expend magic power (3 MP) to strengthen your wands.


Message History

The white ugly thing is almost dead.
Xom's power touches on a nearby monster.
The white ugly thing basks in the mutagenic energy and changes!
The cyan ugly thing barely misses you.
You slash the cyan ugly thing!
The cyan ugly thing is almost dead.
You block the cyan ugly thing's attack.
Unknown command.
You feel better. You block the cyan ugly thing's attack.
You hit the cyan ugly thing.
The cyan ugly thing is almost dead.
The cyan ugly thing stings you.
* * * LOW HITPOINT WARNING * * *
The cyan ugly thing shocks you!
* * * LOW HITPOINT WARNING * * *
You emit a cloud of colourful smoke!
You feel better. The cyan ugly thing stings you!
* * * LOW HITPOINT WARNING * * *
The cyan ugly thing shocks you!
You die...

#########.....#
........'.....#
........#.....#
........#.....#
........#.....#
.##.....#.....########
#..D..#............#
∆.'.....#....§§§§....#
.##.....####+#u@§....#
#...... ..#§§§§...#
..#.......#
...'.......#
....#.......#
#...#.......# ###
#.......# #.......#
#.......#


You could see a cyan ugly thing.

Vanquished Creatures
  A hydra (D:11)
  A two-headed ogre (D:11)
  An unseen horror (D:11)
  A hornet (D:8)
  4 yaks (D:9)
  2 wyverns
  Sigmund (D:5)
  A vampire (D:8)
  A basilisk (D:9)
  A warg (D:11)
  Duvessa (D:5)
  4 orc warriors
  A phantom (D:4)
  An eye of draining (D:8)
  4 sky beasts
  3 ogres
  A necrophage (D:8)
  6 centaurs
  A crocodile (D:9)
  A big kobold (D:7)
  Blork the orc (D:5)
  3 bullfrogs
  A gnoll sergeant (D:8)
  Dowan (D:5)
  2 scorpions
  5 killer bees (D:8)
  A wight (D:11)
  3 howler monkeys
  3 bullfrog zombies
  9 crimson imps
  3 centaur zombies
  6 hounds
  8 orc priests
  2 jellies
  Crazy Yiuf (D:3)
  Jessica (D:3)
  3 iguanas
  12 mummies (Ossuary)
  Natasha (thrice) (D:2)
  Terence (D:3)
  4 orc wizards
  5 worker ants
  4 hound zombies (Ossuary)
  A hound skeleton (D:8)
  4 worker ant zombies
  Robin (D:3)
  9 gnolls
  2 howler monkey skeletons
  7 adders
  4 shadow imps
  An ooze (D:2)
  2 worms
  3 dart slugs
  7 leopard geckos
  38 orcs
  5 giant cockroaches
  14 goblins
  14 hobgoblins
  16 jackals
  14 kobolds
  3 quokkas
  A ball python (D:2)
  5 bats
  16 frilled lizards
  A jackal zombie (Ossuary)
  2 leopard gecko skeletons
  2 leopard gecko zombies (Ossuary)
  A quokka skeleton (D:5)
  8 rats
300 creatures vanquished.

Vanquished Creatures (collateral kills)
  An orc warrior (D:6)
  An ogre (D:10)
  An orc wizard (D:6)
  A mummy (Ossuary)
  An adder zombie (Ossuary)
  A leopard gecko (D:6)
  2 jackals (D:6)
  A giant cockroach zombie (Ossuary)
9 creatures vanquished.

Grand Total: 309 creatures vanquished

Notes
Turn   | Place    | Note
-------+----------+-------------------------------------------
     0 | D:1      | DungeonDestroyer the Gnoll Fighter began the quest for the
                  | Orb.
     0 | D:1      | Reached XP level 1. HP: 23/23 MP: 1/1
    66 | D:1      | Reached XP level 2. HP: 29/29 MP: 2/2
   411 | D:1      | Reached XP level 3. HP: 34/35 MP: 3/3
   961 | D:2      | Reached skill level 1 in Invocations
   972 | D:2      | Noticed an ogre
   975 | D:2      | Noticed a bullfrog
   978 | D:2      | Found a stormy altar of Qazlal.
  1035 | D:2      | Reached skill level 1 in Short Blades
  1035 | D:2      | Reached skill level 1 in Long Blades
  1035 | D:2      | Reached skill level 1 in Maces & Flails
  1035 | D:2      | Reached skill level 1 in Polearms
  1035 | D:2      | Reached skill level 1 in Staves
  1035 | D:2      | Reached skill level 1 in Slings
  1035 | D:2      | Reached skill level 1 in Bows
  1035 | D:2      | Reached skill level 1 in Crossbows
  1035 | D:2      | Reached skill level 1 in Throwing
  1035 | D:2      | Reached skill level 1 in Dodging
  1035 | D:2      | Reached skill level 1 in Stealth
  1035 | D:2      | Reached skill level 1 in Unarmed Combat
  1035 | D:2      | Reached skill level 1 in Spellcasting
  1035 | D:2      | Reached skill level 1 in Evocations
  1035 | D:2      | Reached XP level 4. HP: 41/41 MP: 5/5
  1218 | D:2      | Found a radiant altar of Vehumet.
  1372 | D:2      | Noticed Natasha
  1395 | D:2      | Killed Natasha
  1395 | D:2      | Reached skill level 1 in Conjurations
  1395 | D:2      | Reached skill level 1 in Hexes
  1395 | D:2      | Reached skill level 1 in Charms
  1395 | D:2      | Reached skill level 1 in Summonings
  1395 | D:2      | Reached skill level 1 in Necromancy
  1395 | D:2      | Reached skill level 1 in Translocations
  1395 | D:2      | Reached skill level 1 in Transmutations
  1395 | D:2      | Reached skill level 1 in Fire Magic
  1395 | D:2      | Reached skill level 1 in Ice Magic
  1395 | D:2      | Reached skill level 1 in Air Magic
  1395 | D:2      | Reached skill level 1 in Earth Magic
  1395 | D:2      | Reached skill level 1 in Poison Magic
  1511 | D:2      | Noticed Natasha
  1514 | D:2      | Killed Natasha
  1514 | D:2      | Reached XP level 5. HP: 43/47 MP: 6/6
  1786 | D:2      | Found a transporter.
  1788 | D:2      | Found a transporter.
  1926 | D:2      | Noticed Natasha
  1939 | D:2      | Killed Natasha
  2178 | D:3      | You fall into a shaft and drop 1 floor!
  2182 | D:4      | Noticed a phantom
  2200 | D:4      | Killed a phantom
  2200 | D:4      | Reached XP level 6. HP: 53/53 MP: 8/8
  2336 | D:4      | Found a glowing golden altar of the Shining One.
  2619 | D:4      | Reached skill level 5 in Axes
  3253 | D:3      | Noticed Jessica
  3255 | D:3      | Noticed Terence
  3268 | D:3      | Killed Jessica
  3268 | D:3      | Reached XP level 7. HP: 59/59 MP: 10/10
  3287 | D:3      | Killed Terence
  3475 | D:3      | Noticed Robin
  3493 | D:3      | Killed Robin
  3557 | D:3      | Found a runed translucent door.
  3558 | D:3      | Noticed Crazy Yiuf
  3877 | D:3      | Found a sacrificial altar of Ru.
  4118 | D:3      | Killed Crazy Yiuf
  4452 | D:5      | Entered Level 5 of the Dungeon
  4492 | D:5      | Found a shimmering altar of Xom.
  4539 | D:5      | Became a worshipper of Xom of Chaos
  4566 | D:5      | XOM: potion effect (invisibility)
  4584 | D:5      | Reached XP level 8. HP: 64/67 MP: 12/12
  4607 | D:5      | XOM: divination: detect items
  4735 | D:5      | Found a staircase to the Ecumenical Temple.
  4779 | D:5      | XOM: silly message
  4841 | D:5      | Noticed Sigmund
  4861 | Temple   | Entered the Ecumenical Temple
  5061 | D:5      | XOM: potion effect (haste)
  5066 | D:5      | Killed Sigmund
  5114 | D:5      | XOM: silly message
  5346 | D:5      | Noticed Blork the orc
  5350 | D:5      | Noticed Duvessa
  5355 | D:5      | Killed Blork the orc
  5355 | D:5      | Noticed Dowan
  5359 | D:5      | XOM: enchant monster (good)
  5367 | D:5      | XOM: scenery: create altars
  5380 | D:5      | Killed Duvessa
  5386 | D:5      | Killed Dowan
  5913 | D:6      | Found a sacrificial altar of Ru.
  5928 | D:6      | Found a sacrificial altar of Ru.
  5931 | D:6      | Reached XP level 9. HP: 72/72 MP: 14/14
  6010 | D:6      | XOM: cast spell 'Summon Hydra'
  6078 | D:6      | XOM: summons 2 friendly demons
  6115 | D:6      | Found a sand-covered staircase.
  6124 | Ossuary  | Entered an ossuary
  6133 | Ossuary  | XOM: enchant monster (good)
  6158 | Ossuary  | XOM: summons 5 friendly demons
  6263 | Ossuary  | XOM: 7-stop teleportation journey
  6506 | D:6      | Gained mutation: Armour fits poorly on your strangely
                  | shaped body. [potion of mutation]
  6506 | D:6      | Gained mutation: You are frail. (-10% HP) [potion of
                  | mutation]
  6506 | D:6      | Gained mutation: You are resistant to hostile enchantments.
                  | (MR+) [potion of mutation]
  6618 | D:6      | XOM: cloud trail
  6716 | D:6      | XOM: enchant monster (good)
  6817 | D:6      | XOM: scenery: create altars
  6955 | D:7      | Learned a level 2 spell: Ensorcelled Hibernation
  6959 | D:7      | Learned a level 3 spell: Tukima's Dance
  7011 | D:7      | Learned a level 5 spell: Silence
  7079 | D:7      | XOM: potion effect (brilliance)
  7134 | D:7      | You fall into a shaft and drop 2 floors!
  7159 | D:9      | Found a glowing silver altar of Zin.
  7200 | D:9      | XOM: polymorph centaur -> iguana
  7258 | D:9      | Noticed an elephant
  7259 | D:9      | Found a staircase to the Lair.
  7282 | D:9      | Reached skill level 5 in Invocations
  7299 | D:9      | XOM: scenery: create altars
  7591 | D:9      | XOM: summons 9 friendly demons
  7656 | D:9      | XOM: 5-stop teleportation journey
  7720 | D:9      | XOM: give mutation
  7720 | D:9      | Gained mutation: You expend magic power (3 MP) to
                  | strengthen your wands. [Xom's grace]
  7759 | D:9      | Found an ancient bone altar of Kikubaaqudgha.
  7885 | D:9      | XOM: enchant monster (good)
  7923 | D:9      | XOM: fake destruction
  7941 | D:9      | Reached XP level 10. HP: 61/72 MP: 17/17
  8321 | D:9      | Found a shadowy altar of Dithmenos.
  8449 | D:9      | Reached skill level 5 in Short Blades
  8449 | D:9      | Reached skill level 5 in Long Blades
  8449 | D:9      | Reached skill level 5 in Maces & Flails
  8449 | D:9      | Reached skill level 5 in Polearms
  8449 | D:9      | Reached skill level 5 in Staves
  8449 | D:9      | Reached skill level 5 in Slings
  8449 | D:9      | Reached skill level 5 in Bows
  8449 | D:9      | Reached skill level 5 in Crossbows
  8449 | D:9      | Reached skill level 5 in Throwing
  8449 | D:9      | Reached skill level 5 in Dodging
  8449 | D:9      | Reached skill level 5 in Stealth
  8449 | D:9      | Reached skill level 5 in Unarmed Combat
  8449 | D:9      | Reached skill level 5 in Spellcasting
  8449 | D:9      | Reached skill level 5 in Evocations
  8560 | D:8      | XOM: enchant monster (good)
  8956 | D:8      | XOM: confusion (+ monsters)
  9169 | D:8      | XOM: summons 3 hostile demons
  9207 | D:8      | XOM: confuse monster(s)
  9384 | D:8      | XOM: cast spell 'Olgreb's Toxic Radiance'
  9386 | D:8      | XOM: confusion
  9483 | D:8      | XOM: scenery: create altars
  9507 | D:8      | XOM: cloud trail
  9555 | D:8      | XOM: god gift: pair of brightly glowing boots {god gift}
  9559 | D:8      | Paralysed by a hornet for 3 turns
  9589 | D:8      | Got a pair of brightly glowing boots {god gift}
  9638 | D:8      | Identified the +2 pair of boots of Kadyuck {Harm Str-2
                  | Dex+4} (Xom gifted it to you on level 8 of the Dungeon)
 10101 | D:7      | XOM: god gift: 1730 gold pieces
 10359 | D:10     | Entered Level 10 of the Dungeon
 10359 | D:10     | Found a portal to a secret trove of treasure.
 10516 | D:10     | XOM: summons 2 friendly demons
 10620 | D:10     | XOM: scenery: create altars
 10660 | D:10     | You fall into a shaft and drop 1 floor!
 10683 | D:11     | Found a staircase to the Orcish Mines.
 10733 | D:11     | Reached XP level 11. HP: 77/78 MP: 19/19
 10808 | D:11     | XOM: scenery: 1 doors open
 11052 | D:11     | Noticed an unseen horror
 11053 | D:11     | XOM: confuse monster(s)
 11059 | D:11     | Killed an unseen horror
 11069 | D:11     | Noticed a purple ugly thing
 11069 | D:11     | Noticed a two-headed ogre
 11070 | D:11     | Noticed a six-headed hydra
 11075 | D:11     | XOM: blink monster(s)
 11087 | D:11     | XOM: confusion (+ monsters)
 11094 | D:11     | Killed a two-headed ogre
 11095 | D:11     | Killed a six-headed hydra
 11095 | D:11     | Reached skill level 5 in Conjurations
 11095 | D:11     | Reached skill level 5 in Hexes
 11095 | D:11     | Reached skill level 5 in Charms
 11095 | D:11     | Reached skill level 5 in Summonings
 11095 | D:11     | Reached skill level 5 in Necromancy
 11095 | D:11     | Reached skill level 5 in Translocations
 11095 | D:11     | Reached skill level 5 in Transmutations
 11095 | D:11     | Reached skill level 5 in Fire Magic
 11095 | D:11     | Reached skill level 5 in Ice Magic
 11095 | D:11     | Reached skill level 5 in Air Magic
 11095 | D:11     | Reached skill level 5 in Earth Magic
 11095 | D:11     | Reached skill level 5 in Poison Magic
 11100 | D:11     | XOM: polymorph purple ugly thing -> white ugly thing
 11101 | D:11     | XOM: fog
 11102 | D:11     | XOM: polymorph white ugly thing -> cyan ugly thing
 11105 | D:11     | HP: 1/80 [cyan ugly thing (17)]
 11105 | D:11     | XOM: smoke on damage
 11106 | D:11     | Mangled by a cyan ugly thing

Illustrated notes

Levels and vault maps discovered:
D:1:      dpeg_arrival_stonehenge_8_columns, layout_loops_ring
D:2:      layout_loops_ring, nicolae_overflow_hidden_temple,
          gammafunk_temple_overflow_arena, first_ration, minmay_lizard_pond,
          uniq_natasha
D:3:      layout_basic, skrybe_limestone_x, minmay_misc_feat_rugged,
          minmay_misc_feat_hallway, nicolae_ru_awakened_eye,
          uniq_crazy_yiuf_cottage, uniq_terence, uniq_jessica, uniq_robin
D:4:      wander_river, layout_basic, old_standard_altar
D:5:      layout_basic, led_xom_imps, minmay_temple_entry_ruins, uniq_duvessa,
          uniq_blork_the_orc, uniq_sigmund
D:6:      layout_loops_ring, enter_ossuary_1, basic_altar, lemuel_altar_in_water
D:7:      layout_basic
D:8:      minmay_blocky_corners, layout_loops_ring
D:9:      layout_irregular_city, marbit_many_paths,
          nicolae_dithmenos_shadow_blocks, david_lair_generic, basic_altar
D:10:     wander_kiku_kobolds, layout_long_grid, nicolae_trove_entry_crossroad,
          the_bakery
D:11:     layout_gridville, david_orc_1_choice, serial_shops,
          nicolae_shop_trees, chequers_serial_rivers_micro_b, uniq_erolcha,
          uniq_psyche
Temple:   eino_temple_rhombus

Skill      XL: |  1  2  3  4  5  6  7  8  9 10 11 |
---------------+----------------------------------+-----
Invocations    | 1 2 3 4 5 6 |  6.7
Short Blades   | 1 2 3 4 5 6 |  6.1
Long Blades    | 1 2 3 4 5 6 |  6.1
Maces & Flails | 1 2 3 4 5 6 |  6.1
Polearms       | 1 2 3 4 5 6 |  6.1
Staves         | 1 2 3 4 5 6 |  6.1
Slings         | 1 2 3 4 5 6 |  6.1
Bows           | 1 2 3 4 5 6 |  6.1
Crossbows      | 1 2 3 4 5 6 |  6.1
Throwing       | 1 2 3 4 5 6 |  6.1
Dodging        | 1 2 3 4 5 6 |  6.1
Stealth        | 1 2 3 4 5 6 |  6.1
Unarmed Combat | 1 2 3 4 5 6 |  6.1
Spellcasting   | 1 2 3 4 5 6 |  6.1
Evocations     | 1 2 3 4 5 6 |  6.1
Conjurations   | 1 2 3 4 5 |  5.0
Hexes          | 1 2 3 4 5 |  5.0
Charms         | 1 2 3 4 5 |  5.0
Summonings     | 1 2 3 4 5 |  5.0
Necromancy     | 1 2 3 4 5 |  5.0
Translocations | 1 2 3 4 5 |  5.0
Transmutations | 1 2 3 4 5 |  5.0
Fire Magic     | 1 2 3 4 5 |  5.0
Ice Magic      | 1 2 3 4 5 |  5.0
Air Magic      | 1 2 3 4 5 |  5.0
Earth Magic    | 1 2 3 4 5 |  5.0
Poison Magic   | 1 2 3 4 5 |  5.0
Axes           | 5 6 7 |  7.7
Fighting       | 7 8 9 |  9.0
Armour         | 7 8 9 |  9.0
Shields        | 7 8 9 |  9.0

Action                   |  1- 3 |  4- 6 |  7- 9 | 10-12 || total
-------------------------+-------+-------+-------+-------++-------
Melee: War axe           |    70 |       |       |       ||    70
       Bite              |     8 |    12 |    74 |    59 ||   153
       Hand axe          |    22 |   134 |   480 |   346 ||   982
Evoke: Wand              |       |       |       |     4 ||     4
  Use: Scroll            |     3 |     7 |     8 |     6 ||    24
       Potion            |     1 |     1 |     7 |     3 ||    12
 Stab: Invisible         |       |       |     7 |       ||     7
       Sleeping          |       |       |     2 |     3 ||     5
       Distracted        |       |       |     2 |       ||     2
       Paralysed         |       |       |     1 |     1 ||     2
       Confused          |       |       |       |     4 ||     4
  Eat: Chunk             |     1 |     7 |     8 |    11 ||    27
       Ration            |       |       |     2 |       ||     2
Armor: Scale mail        |    31 |    32 |     6 |       ||    69
       Chain mail        |       |       |    28 |    19 ||    47
       Ring mail         |       |       |    44 |    24 ||    68
Dodge: Dodged            |    30 |    20 |   128 |   109 ||   287
Block: Kite shield       |    61 |    92 |   391 |   261 ||   805
       Reflection        |       |     2 |    23 |     4 ||    29
